 Dungeon Crawl Stone Soup version 0.26-a0-576-gcfaa98f945 (webtiles) character file.

Game seed: 7923111824629003149

30 ANON1729 the Sneak (level 3, -7/33 HPs)
             Began as a Minotaur Delver on Aug 22, 2020.
             Killed from afar by an orc wizard (9 damage)
             ... with a magic dart
             ... on level 5 of the Dungeon.
             The game lasted 00:00:57 (392 turns).

ANON1729 the Sneak (Minotaur Delver)                 Turns: 392, Time: 00:00:58

Health: -7/33      AC:  4    Str: 17    XL:     3   Next: 5%
Magic:  2/2        EV: 12    Int:  7    God:
Gold:   0          SH:  0    Dex: 11    Spells: 2/2 levels left

rFire    . . .     SeeInvis .   a - +0 falchion
rCold    . . .     Faith    .   (no shield)
rNeg     . . .     Spirit   .   b - +0 leather armour
rPois    .         Reflect  .   (helmet restricted)
rElec    .         Harm     .   i - +0 cloak
rCorr    .                      (no gloves)
MR       .....                  (no boots)
Stlth    ++........             (no amulet)
HPRegen  0.11/turn              (no ring)
MPRegen  0.08/turn              (no ring)

@: no status effects
A: retaliatory headbutt, horns 2
a: no special abilities


You were on level 5 of the Dungeon.
You visited 2 branches of the dungeon, and saw 2 of its levels.

Inventory:

Hand Weapons
 a - a +0 falchion (weapon)
Armour
 b - a +0 leather armour (worn)
 i - a +0 cloak (worn)
Wands
 g - a wand of digging (3)
Scrolls
 c - a scroll of fog
 d - a scroll of magic mapping
 e - a scroll of fear
 j - a scroll of identify {unknown}
Potions
 f - a potion of haste
 h - 2 potions of lignification {unknown}


   Skills:
 + Level 4.0 Fighting
 + Level 3.0 Long Blades
 + Level 2.7 Dodging
 + Level 4.3 Stealth


You had 2 spell levels left.
You didn't know any spells.
Your spell library was empty.

Dungeon Overview and Level Annotations

Branches:
Dungeon (5/15)             Temple (1/1) D:5

Altars:
Elyvilon
Fedhas
Hepliaklqana
Kikubaaqudgha
Makhleb
Okawaru
Ru
Uskayaw
Vehumet
Wu Jian
Xom
Yredelemnul
Zin
The Shining One


Innate Abilities, Weirdness & Mutations

You reflexively headbutt those who attack you in melee.
You have a pair of horns on your head.


Message History

You closely miss the orc warrior.
The orc warrior is moderately wounded.
An orc comes into view. It is wielding a +0 club.
An orc wizard comes into view. It is wielding a +0 dagger.
The orc warrior hits you with a +0 dire flail!
* * * LOW HITPOINT WARNING * * *
You see here a +0 short sword.
You see here a scroll labeled BUPNOPI NIEPUI.
j - a scroll labeled BUPNOPI NIEPUI The orc shouts!
The orc wizard gestures wildly while chanting.
The orc wizard seems to speed up.
The orc warrior hits you with a +0 dire flail.
* * * LOW HITPOINT WARNING * * *
Found a bubbling puce potion and 2 potions of haste.
Found a stone staircase leading down.
A necrophage comes into view.
The orc wizard points at you and mumbles some strange words.
The magic dart hits you!
You die...

...............#
..............## .
........ .....## ..
......###.....# ...
##..........### #
....##.............# ###
........!o.!.##....###..
.....#.n.o..##......?...
#....@....##..#...#..#
#..>...........#)#..##
..................>o....
....#.#..........#.#....
#.. ###.##......#...#...
#. ...##............# #
... ..........[### .##
.##.#.......#.
............


You could see an orc warrior, a necrophage and an orc wizard (fast).

Vanquished Creatures
  A centaur skeleton (D:5)
  An orc (D:5)
2 creatures vanquished.

Notes
Turn   | Place    | Note
-------+----------+-------------------------------------------
     0 | D:5      | ANON1729 the Minotaur Delver began the quest for the Orb.
     0 | D:5      | Reached XP level 1. HP: 19/19 MP: 0/0
    50 | D:5      | Found a staircase to the Ecumenical Temple.
    58 | Temple   | Entered the Ecumenical Temple
   151 | D:5      | Reached XP level 2. HP: 6/27 MP: 1/1
   151 | D:5      | Reached XP level 3. HP: 8/33 MP: 2/2
   262 | D:5      | Noticed an orc warrior
   384 | D:5      | HP: 1/33 [orc warrior/+0 dire flail (2)]
   388 | D:5      | Noticed a necrophage
   392 | D:5      | Killed from afar by an orc wizard

Illustrated notes

Levels and vault maps discovered:
D:5:      layout_cave_pools, minmay_temple_entry_crystal_x, minmay_misc_feat_x
Temple:   eino_temple_lava

Skill      XL: |  1 |
---------------+----+-----
Fighting       | 4 |  4.0
Long Blades    | 3 |  3.0
Dodging        | |  2.7
Stealth        | |  4.3

Action                   || total
-------------------------++-------
Melee: Falchion          ||    10
       Headbutt          ||     1
Armor: Leather armour    ||     2
Dodge: Dodged            ||     8
       Rpst.: Falchion   ||     4

Table legend: (Time is in decaauts)
 A = Elapsed time spent in this place.
 B = Non-inter-level travel time spent in this place.
 C = Inter-level travel time spent in this place.
 D = Time resting spent in this place.
 E = Time spent auto-exploring this place.
 F = Levels seen in this place.
 G = Mean time per level.
                   A        B        C        D        E       F      G
               +--------+--------+--------+--------+--------+-----+--------+
         Total |    395 |    395 |      0 |    219 |     78 |   2 |  197.5 |
       Dungeon |    197 |    197 |      0 |    111 |     31 |   1 |  197.0 |
        Temple |    197 |    197 |      0 |    108 |     47 |   1 |  197.0 |
               +--------+--------+--------+--------+--------+-----+--------+

Top non-repeatable levels by time:
     D:5: 197 daAuts
  Temple: 197 daAuts
